 Dungeon Crawl Stone Soup version 0.29.0-4-gdea44cf6ec (webtiles) character file.

Game seed: 3955636103495613536

7 qw the Sneak (level 2, -1/19 HPs)
             Began as a Gargoyle Delver on Sept 10, 2022.
             Frozen to death by an endoplasm (2 damage)
             ... on level 4 of the Dungeon.
             The game lasted 00:00:08 (366 turns).

qw the Sneak (Gargoyle Delver)                       Turns: 366, Time: 00:00:08

Health: -1/19      AC:  5    Str: 15    XL:     2   Next: 0%
Magic:  2/2        EV: 11    Int: 10    God:
Gold:   0          SH:  0    Dex: 11    Spells: 1/1 levels left

rFire   . . .      SeeInvis .   Y - +0 hand axe
rCold   . . .      Faith    .   (no shield)
rNeg    + . .      Spirit   .   b - +0 leather armour
rPois   inf        Reflect  .   (no helmet)
rElec   +          Harm     .   (no cloak)
rCorr   .          Rampage  .   (no gloves)
Will    .....                   (no boots)
Stlth   +++.......              (no amulet)
HPRegen 0.06/turn               (no ring)
MPRegen 0.08/turn               (no ring)

@: no status effects
A: sickness immunity, AC +2, negative energy resistance 1, electricity
resistance, torment resistance 1, petrification resistance
a: no special abilities


You were on level 4 of the Dungeon.
You visited 1 branch of the dungeon, and saw 2 of its levels.


Innate Abilities, Weirdness & Mutations

You are immune to sickness and miasma.
Your stone body is resilient. (AC +2)
You are immune to poison.
You resist negative energy. (rN+)
You are resistant to electric shocks. (rElec)
You are resistant to unholy torment.
You are immune to petrification.


   Skills:
 - Level 3.2 Fighting
 + Level 2.4 Axes
 - Level 1.5 Dodging
 - Level 5.4 Stealth


You had one spell level left.
You didn't know any spells.
Your spell library was empty.

Inventory:

Hand Weapons
 c - a +0 club
 Y - a +0 hand axe (weapon)
Armour
 b - a +0 leather armour (worn)
Wands
 g - a wand of digging (3)
Potions
 d - a potion of curing {unknown}
 f - a potion of haste

Dungeon Overview and Level Annotations

Branches:
Dungeon (5/15)
 Temple: D:4-7

Altars:


Message History

The orc is almost dead.
The orc barely misses you.
You hit the orc.
You kill the orc!
You have reached level 2!
You start resting.
HP restored.
350 ||| READING scroll labelled LIAGEF IZ KOE.
As you read the scroll labelled LIAGEF IZ KOE, it crumbles to dust.
It is a scroll of amnesia.
You feel forgetful for a moment.
351 ||| READING scroll labelled JELAMU KEBOFUNIELY.
As you read the scroll labelled JELAMU KEBOFUNIELY, it crumbles to dust.
You feel strangely unstable.
It was a scroll of teleportation.
You start waiting.
Your surroundings suddenly seem different.
An ogre comes into view. It is wielding a +0 giant club.
Found 18 gold pieces.
The ogre shouts!
An endoplasm comes into view.
The endoplasm quivers.
You barely miss the ogre.
An endoplasm comes into view.
The ogre barely misses you.
The endoplasm quivers.
You hit the ogre.
The ogre is lightly wounded.
The ogre barely misses you.
You hit the ogre but do no damage.
The ogre is lightly wounded.
You hit the ogre.
The ogre is moderately wounded.
The ogre barely misses you. The endoplasm barely misses you.
You hit the ogre.
The ogre is heavily wounded.
You hit the endoplasm but do no damage.
The ogre hits you with a +0 giant club!!
Ouch! That really hurt!
The endoplasm freezes you.
You are frozen.
You die...

#........
#........
#........
#.......$
#........
#........
#.O......
#@JJ.....
#........
#########


You could see an ogre and 2 endoplasms.

Vanquished Creatures
  An orc (D:4)
  A goblin (D:4)
  A quokka (D:4)
  2 ball pythons (D:4)
5 creatures vanquished.

Notes
Turn   | Place    | Note
-------+----------+-------------------------------------------
     0 | D:5      | qw the Gargoyle Delver began the quest for the Orb.
     0 | D:5      | Reached XP level 1. HP: 14/14 MP: 1/1
     0 | D:5      | 0 ||| qw: Version: 0.1-a-116-g5d60599
     0 | D:5      | 0 ||| qw: Game counter: 8908
     0 | D:5      | 0 ||| qw: Always use a shield: true
     0 | D:5      | 0 ||| qw: God list: Okawaru
     0 | D:5      | 0 ||| qw: Allow faded altars: false
     0 | D:5      | 0 ||| qw: Do Orc after D:15 true
     0 | D:5      | 0 ||| qw: Do second Lair branch before Depths: true
     0 | D:5      | 0 ||| qw: Lair rune preference: random
     0 | D:5      | 0 ||| qw: Plans: Normal
     0 | D:5      | 0 ||| PLANNING D:1-11
     9 | D:5      | 9 ||| DROPPING scroll of fog.
    10 | D:5      | 10 ||| DROPPING scroll of magic mapping.
    11 | D:5      | 11 ||| DROPPING scroll of fear.
    56 | D:4      | 56 ||| Stepping ~*~*~tactically~*~*~ (stealth).
    60 | D:4      | 60 ||| Stepping ~*~*~tactically~*~*~ (stealth).
   141 | D:4      | Reached XP level 2. HP: 6/19 MP: 2/2
   350 | D:4      | 350 ||| READING scroll labelled LIAGEF IZ KOE.
   351 | D:4      | 351 ||| READING scroll labelled JELAMU KEBOFUNIELY.
   355 | D:4      | Noticed an ogre
   366 | D:4      | HP: 1/19 [ogre/+0 giant club (18)]
   366 | D:4      | Frozen to death by an endoplasm

Levels and vault maps discovered:
D:4:      layout_rooms, glass_columns_a
D:5:      nicolae_cairo_tiling_large_dashed, layout_basic

Skill      XL: |  1 |
---------------+----+-----
Axes           | 2 |  2.4
Fighting       | |  3.2
Dodging        | |  1.5
Stealth        | |  5.4

Action                   || total
-------------------------++-------
Melee: Hand axe          ||    22
  Use: Scroll            ||     2
Armor: Leather armour    ||     6
Dodge: Dodged            ||    16

Table legend:
 A = Non-vault XP
 B = Vault XP
 C = Vault XP percentage of total XP
 D = Non-vault monster count
 E = Vault monster count
 F = Vault count percentage of total count
                 A         B        C        D         E       F
            +---------+---------+-------+---------+---------+-------
      Total |      10 |       0 |   0.0 |       5 |       0 |   0.0
            +---------+---------+-------+---------+---------+-------
        D:4 |      10 |       0 |   0.0 |       5 |       0 |   0.0
            +---------+---------+-------+---------+---------+-------
